 Dungeon Crawl Stone Soup version 0.18-a0-1197-g8004e50 (webtiles) character file.

298 Ghalim the Skirmisher (level 6, -9/40 HPs)
             Began as a Gargoyle Fighter on Jan 30, 2016.
             Killed by divine providence
             ... invoked by an orc priest
              (13 damage)
             ... on level 4 of the Dungeon.
             The game lasted 00:09:52 (3182 turns).

Ghalim the Skirmisher (Gargoyle Fighter)            Turns: 3182, Time: 00:09:52

Health: -9/40      AC: 16    Str: 26    XL:     6   Next: 35%
Magic:  6/6        EV:  6    Int:  9    God:
Gold:   128        SH: 10    Dex:  9    Spells: 0 memorised, 5 levels left

rFire  . . .     SeeInvis .     a - +0 flail
rCold  + . .     Gourm    .     o - +3 chain mail {rC+}
rNeg   + + .     Faith    .     c - +1 shield
rPois  ∞         Spirit   .     (no helmet)
rElec  +         Dismiss  .     (no cloak)
rCorr  .         Reflect  .     (no gloves)
SustAt .         Harm     .     (no boots)
MR     .....                    (no amulet)
Stlth  ..........               (no ring)
                                h - ring of positive energy

@: mighty, not resistant to hostile enchantments, extremely unstealthy
A: negative energy resistance 1, electricity resistance, unbreathing,
petrification resistance, rot immunity, AC +4
a: no special abilities


You were on level 4 of the Dungeon.
You were not hungry.

You visited 1 branch of the dungeon, and saw 4 of its levels.

You collected 128 gold pieces.

Inventory:

Hand Weapons
 a - a +0 flail (weapon)
Armour
 c - a +1 shield (worn)
 o - a +3 chain mail of cold resistance (worn)
Jewellery
 h - a ring of positive energy (left hand)
Scrolls
 l - 6 scrolls of remove curse
 p - a scroll of blinking
 r - a scroll of random uselessness
Potions
 e - a potion of magic {unknown}
 k - a potion of lignification {unknown}
 n - 2 potions of flight
 s - a potion of brilliance {unknown}
 w - a potion of resistance {unknown}
 z - a potion of mutation {unknown}
Comestibles
 f - 4 bread rations
 j - 2 royal jellies
 q - a meat ration
 u - 5 fruits


   Skills:
 + Level 5.2 Fighting
 * Level 5.0 Maces & Flails
 - Level 3.4 Armour
 - Level 0.4 Dodging
 - Level 3.5 Shields


You had 5 spell levels left.
You didn't know any spells.

Dungeon Overview and Level Annotations

Branches:
Dungeon (4/15)
 Temple: D:4-7

Altars:
Cheibriados
Qazlal
Sif Muna


Innate Abilities, Weirdness & Mutations

You are resistant to torment.
Your stone body is resilient (AC +4).
You are immune to poison.
You resist negative energy.
You are resistant to electric shocks.
You can survive without breathing.
You are immune to petrification.
You are immune to rotting.


Message History

Drink which item? (? for menu, Esc to quit)
You feel very mighty all of a sudden.
The orc wizard hits you but does no damage.
The orc barely misses you.
The orc wizard gestures at you while chanting.
The magic dart hits you!
* * * LOW HITPOINT WARNING * * *
The orc wizard hits you but does no damage.
The orc wizard hits you but does no damage.
You block the orc wizard's attack.
The orc priest looks braver for a moment.
The orc wizard casts a spell at you. The magic dart hits you!
The orc wizard gestures at you while chanting.
You resist with some effort.
You feel yourself speed up.
The orc wizard hits you but does no damage.
The orc priest invokes the aid of Beogh against you.
Something smites you!
You die...

#.....#
#...........§#.....'..
#.....#
#...........o#.....###
#.....#
#............#.....#
#.....#
#............#########
#.....#
##'#########.#######..
*,,,,,*
#...................#
*******
###########.#######.#
##########W# #.#
#<[@ooo.oo.# #.#
############ #.. #..
#.# #.# #.# ###


You could see a phantom, 2 orc priests, an orc wizard and 2 orcs.

Vanquished Creatures
  An orc wizard (D:4)
  Terence (D:2)
  An iguana (D:4)
  3 worker ants (D:4)
  4 adders
  A gnoll (D:4)
  An ooze (D:3)
  2 giant geckos
  7 orcs
  2 ball pythons (D:1)
  7 bats
  A giant cockroach (D:2)
  8 goblins
  9 hobgoblins
  19 jackals
  11 kobolds
  A quokka (D:4)
  A giant gecko skeleton (D:4)
  A giant newt (D:1)
  A quokka skeleton (D:4)
  5 rats
87 creatures vanquished.

Notes
Turn   | Place    | Note
--------------------------------------------------------------
     0 | D:1      | Ghalim the Gargoyle Fighter began the quest for the Orb.
     0 | D:1      | Reached XP level 1. HP: 14/14 MP: 1/1
   152 | D:1      | Reached XP level 2. HP: 14/19 MP: 2/2
   842 | D:1      | Reached XP level 3. HP: 23/23 MP: 3/3
   895 | D:2      | Noticed Terence
  1304 | D:2      | Killed Terence
  1304 | D:2      | Reached skill level 4 in Fighting
  1304 | D:2      | Reached XP level 4. HP: 21/29 MP: 4/4
  1535 | D:2      | Found a snail-covered altar of Cheibriados.
  1535 | D:2      | Found a stormy altar of Qazlal.
  2273 | D:4      | Reached XP level 5. HP: 30/34 MP: 5/5
  2308 | D:4      | Found a deep blue altar of Sif Muna.
  2369 | D:4      | Noticed a phantom
  2853 | D:4      | Reached skill level 5 in Fighting
  2853 | D:4      | Reached XP level 6. HP: 17/40 MP: 6/6
  3128 | D:4      | Reached skill level 5 in Maces & Flails
  3182 | D:4      | Killed from afar by an orc priest

Vault maps used:
D:1:      zelgadis_glass_arrival_small
D:2:      gammafunk_temple_overflow_wave, uniq_terence
D:4:      lemuel_castle_with_subvaults, marbit_many_paths, first_bread

Action                   |  1- 3 |  4- 6 || total
-------------------------+-------+-------++-------
Melee: Flail             |   142 |   199 ||   341
  Use: Scroll            |       |     9 ||     9
       Potion            |       |     2 ||     2
  Eat: Chunk             |     1 |     7 ||     8
